 Dungeon Crawl Stone Soup version 0.18.1-50-g88ac8fd (webtiles) character file.

597 magog001 the Covered (level 7, -7/61 HPs)
             Began as a Minotaur Fighter on Nov 9, 2017.
             Was an Initiate of Nemelex Xobeh.
             Mangled by an ogre
             ... wielding a +0 giant club
              (16 damage)
             ... on level 4 of the Dungeon.
             The game lasted 00:21:43 (3632 turns).

magog001 the Covered (Minotaur Fighter)             Turns: 3632, Time: 00:21:44

Health: -7/61      AC: 12    Str: 22    XL:     7   Next: 17%
Magic:  6/6        EV:  5    Int:  5    God:    Nemelex Xobeh [......]
Gold:   236        SH: 10    Dex: 10    Spells: 0 memorised, 6 levels left

rFire  . . .     SeeInvis .     a - +0 war axe
rCold  . . .     Gourm    .     h - +0 plate armour
rNeg   . . .     Faith    .     c - +0 shield
rPois  .         Spirit   .     (helmet restricted)
rElec  .         Dismiss  .     (no cloak)
rCorr  .         Reflect  .     (no gloves)
SustAt .         Harm     .     (no boots)
MR     .....                    (no amulet)
Stlth  ..........               (no ring)
                                D - ring of stealth

@: not resistant to hostile enchantments, extremely unstealthy
A: retaliatory headbutt, horns 2
a: Renounce Religion


You were on level 4 of the Dungeon.
You worshipped Nemelex Xobeh.
Nemelex Xobeh was noncommittal.
You were not hungry.

You visited 1 branch of the dungeon, and saw 4 of its levels.

You collected 236 gold pieces.

Inventory:

Hand Weapons
 a - a +0 war axe (weapon)
 w - a +0 hunting sling
Missiles
 s - 27 sling bullets
Armour
 c - a +0 shield (worn)
 h - a +0 plate armour (worn)
Jewellery
 e - an uncursed ring of resist corrosion
 D - a ring of stealth (left hand)
Scrolls
 g - a scroll of enchant armour {unknown}
 i - a scroll of identify
 p - 2 scrolls of blinking
 z - 3 scrolls of remove curse
Potions
 j - 2 potions of curing
 m - 2 potions of brilliance
 n - a potion of might
 o - a potion of agility
 q - 3 potions of lignification
 x - a potion of invisibility
Miscellaneous
 k - a plain deck of escape
Comestibles
 d - a beef jerky
 f - 3 bread rations
 l - 11 chunks of flesh
 t - a meat ration
 u - 5 fruits


   Skills:
 * Level 5.5 Fighting
 + Level 4.3 Axes
 * Level 5.8 Armour
 + Level 3.4 Dodging
 - Level 0.1 Stealth
 * Level 5.3 Shields


You had 6 spell levels left.
You didn't know any spells.

Dungeon Overview and Level Annotations

Branches:
Dungeon (4/15)
 Temple: D:4-7

Altars:
Gozag
Makhleb
Nemelex Xobeh
Okawaru
Trog
Yredelemnul


Innate Abilities, Weirdness & Mutations

You reflexively headbutt those who attack you in melee.
You have a pair of horns on your head.


Message History

Firing (i - inventory): No suitable missiles.
Press: ? - help, Shift-Dir - straight line, f/p - ogre
Aim: an ogre, wielding a giant club (moderately wounded)
Okay, then.
Your shield and plate armour prevent you from hitting the ogre.
Your headbutt misses the ogre.
The ogre is moderately wounded.
You block the ogre's attack.
You slash the ogre!
The ogre is severely wounded.
The ogre hits you with a giant club!!
Your plate armour prevents you from hitting the ogre.
The ogre is severely wounded.
The ogre hits you with a giant club!
* * * LOW HITPOINT WARNING * * *
You hit the ogre.
The ogre is severely wounded.
The ogre hits you with a giant club!
You die...
Your body disappears without a glow.

...######...###..#
.#........### #..#
.#......#.#####..#####
........#.#..........#
........#.#..........#
..........#..........#
#.#.##..###..........#
..#.....# #.......<..#
.##.... #<....@.####
.##.... #..###.O...#
.##... #.# #..........
.##.#. ...
............ ## .#
#....(....... ..
#....(....... ..
............. ..
##............ ..


You could see an ogre.

Vanquished Creatures
  2 ogres (D:4)
  A phantom (D:4)
  An orc wizard (D:4)
  An orc priest (D:3)
  A hound skeleton (D:4)
  8 adders
  7 gnolls
  An ooze (D:3)
  2 worms (D:3)
  A dart slug (D:1)
  3 giant geckos
  14 orcs
  12 bats
  6 giant cockroaches
  8 goblins
  5 hobgoblins
  7 jackals (D:3)
  A quokka (D:3)
  7 ball pythons (D:3)
  6 giant newts
  7 kobolds
  11 rats
112 creatures vanquished.

Notes
Turn   | Place    | Note
--------------------------------------------------------------
     0 | D:1      | magog001 the Minotaur Fighter began the quest for the Orb.
     0 | D:1      | Reached XP level 1. HP: 19/19 MP: 0/0
   128 | D:1      | Reached XP level 2. HP: 26/27 MP: 1/1
   381 | D:1      | Reached XP level 3. HP: 33/33 MP: 2/2
   635 | D:2      | Found a basalt altar of Yredelemnul.
   640 | D:2      | Found an iron altar of Okawaru.
  1057 | D:2      | Found a sparkling altar of Nemelex Xobeh.
  1058 | D:2      | Found a burning altar of Makhleb.
  1080 | D:2      | Found a bloodstained altar of Trog.
  1201 | D:3      | Reached skill level 1 in Dodging
  1362 | D:3      | Reached XP level 4. HP: 30/40 MP: 3/3
  1705 | D:3      | Reached XP level 5. HP: 33/47 MP: 4/4
  1861 | D:3      | Reached skill level 5 in Armour
  2457 | D:2      | Became a worshipper of Nemelex Xobeh the Trickster
  2688 | D:3      | Gained mutation: You are occasionally teleported next to monsters. [potion of mutation]
  2688 | D:3      | Gained mutation: You have supernaturally acute eyesight. [potion of mutation]
  2688 | D:3      | Gained mutation: Your magical capacity is low (-10% MP). [potion of mutation]
  2689 | D:3      | Lost mutation: You have supernaturally acute eyesight. [potion of cure mutation]
  2689 | D:3      | Lost mutation: You are occasionally teleported next to monsters. [potion of cure mutation]
  2689 | D:3      | Lost mutation: Your magical capacity is low (-10% MP). [potion of cure mutation]
  2695 | D:4      | Noticed an ogre
  2706 | D:4      | Killed an ogre
  2706 | D:4      | Reached skill level 5 in Fighting
  2706 | D:4      | Reached XP level 6. HP: 15/56 MP: 5/5
  3003 | D:4      | Received a gift from Nemelex Xobeh
  3011 | D:4      | Reached skill level 5 in Shields
  3299 | D:4      | Found an opulent altar of Gozag.
  3598 | D:4      | Reached XP level 7. HP: 49/61 MP: 6/6
  3632 | D:4      | Mangled by an ogre

Skill      XL: |  1  2  3  4  5  6 |
---------------+-------------------+-----
Armour         | 4 5 |  5.8
Fighting       | 4 5 |  5.5
Shields        | 4 5 |  5.3
Dodging        | 1 2 3 |  3.4
Axes           | 3 4 |  4.3
Stealth        | |  0.1

Action                   |  1- 3 |  4- 6 |  7- 9 || total
-------------------------+-------+-------+-------++-------
Melee: War axe           |   134 |   155 |    17 ||   306
       Headbutt          |    23 |    17 |     3 ||    43
Throw: Tomahawk          |       |       |     2 ||     2
  Use: Scroll            |       |    16 |       ||    16
       Potion            |       |     4 |       ||     4
  Eat: Chunk             |     1 |     6 |       ||     7
       Meat ration       |       |     1 |       ||     1
Armor: Scale mail        |    83 |    54 |       ||   137
       Skin              |       |     2 |       ||     2
       Plate armour      |       |    27 |     2 ||    29
Dodge: Dodged            |    61 |    58 |     1 ||   120
Block: Shield            |    77 |    90 |     9 ||   176
